 Dungeon Crawl Stone Soup version 0.31-a0-214-gb37851dbb3 (webtiles) character file.

Game seed: 1663122762091016777

372 qw the Shooter (level 6, -3/49 (52) HPs)
             Began as a Minotaur Hexslinger on July 1, 2023.
             Slain by a gnoll
             ... wielding a +2 flail of draining
             ... led by a gnoll bouda
              (13 damage)
             ... on level 4 of the Dungeon.
             The game lasted 00:00:50 (2038 turns).

qw the Shooter (Minotaur Hexslinger)                Turns: 2038, Time: 00:00:51

HP:   -3/49 (52)    AC:  5    Str: 13    XL:     6   Next: 43%
MP:   6/6           EV: 11    Int: 10    God:
Gold: 221           SH:  0    Dex: 14    Spells: 6/7 levels left

rFire   . . .        Y - +0 orcbow
rCold   . . .        (shield currently unavailable)
rNeg    . . .        e - +0 ring mail
rPois   .            (helmet restricted)
rElec   .            (no cloak)
rCorr   .            (no gloves)
SInv    .            (no boots)
Will    .....        (no amulet)
Stlth   +            (no ring)
HPRegen 0.28/turn    (no ring)
MPRegen 0.10/turn

%: no passive effects
@: lethally poisoned (-3 -> -14), drained
A: horns 2, retaliatory headbutt
a: no special abilities


You were on level 4 of the Dungeon.
You visited 1 branch of the dungeon, and saw 4 of its levels.

You collected 221 gold pieces.


Innate Abilities, Weirdness & Mutations

You have a pair of horns on your head.
You reflexively headbutt those who attack you in melee.


   Skills:
 - Level 4.1 Fighting
 + Level 6.5 Ranged Weapons
 - Level 1.0 Armour
 - Level 2.1 Dodging
 - Level 1.0 Spellcasting
 - Level 2.0 Hexes


You had 6 spell levels left.
You knew the following spells:

 Your Spells              Type           Power      Damage    Failure   Level
a - Slow                  Hex            16%        N/A       32%         1

Your spell library contained the following spells:

 Spells                   Type           Power      Damage    Failure   Level
 Inner Flame              Hex/Fire       2%         N/A       82%         3
 Portal Projectile        Hex/Tloc       4%         N/A       82%         3
 Cause Fear               Hex            2%         N/A       97%         4

Inventory:

Hand Weapons
 Y - a +0 orcbow (weapon)
Armour
 e - a +0 ring mail (worn)
Scrolls
 a - 2 scrolls of identify
Potions
 c - a potion of curing
 f - a potion of degeneration {unknown}

Dungeon Overview and Level Annotations

Branches:
Dungeon (4/15)
 Temple: D:4-7

Altars:

Annotations:
D:3 2 transporters


Message History

The gnoll hits you with a +2 flail of draining.
You feel drained. The gnoll bouda misses you. You furiously retaliate!
You headbutt the gnoll bouda. The orc hits you but does no damage. x2
You are lethally poisoned!
You shoot an arrow.
The arrow closely misses the gnoll bouda.
You feel extremely sick.
The gnoll is no longer moving quickly.
The gnoll hits you with a +2 flail of draining.
You feel drained. The orc hits you but does no damage.
The gnoll bouda completely misses you. The orc barely misses you.
You furiously retaliate!
You headbutt the orc.
The gnoll hits you with a +2 flail of draining.
You feel drained.
2035 ||| DRINKING potion of heal wounds.
You feel much better.
You feel very sick.
The gnoll bouda barks out a call to the hunt!
The gnoll picks up the pace!
The orc hits you with a +0 club.
The orc hits you with a +1 dagger of venom.
The gnoll barely misses you.
You shoot an arrow. The arrow hits the gnoll bouda!
You kill the gnoll bouda!
You feel very sick. The orc closely misses you.
The orc hits you but does no damage.
You are lethally poisoned!
The gnoll barely misses you.
You shoot an arrow. The arrow barely misses the orc.
Your attacks no longer feel as feeble.
You feel very sick. The orc completely misses you. The orc closely misses you.
The gnoll barely misses you. You furiously retaliate!
You headbutt the gnoll. The orc hits you but does no damage.
The orc hits you with a +0 club.
You shoot an arrow.
The arrow hits the orc but does no damage.
The orc is heavily wounded.
You feel very sick.
The gnoll hits you with a +2 flail of draining!
You die...

.........####......##.#
.........# #..........#
.........###...........
##.###...##............
........###............
........##............
..................#..
#.......#........##
.......##.......@o#
###.... #......og)......
#.......##..[.........
#......................
..................##....
.####.............. #...
.##......).. [>.
#......... ..


You could see a gnoll (swift) and 2 orcs.

Vanquished Creatures
  Sigmund (D:2)
  An ogre (D:4)
  A gnoll bouda (D:4)
  4 gnolls (D:4)
  2 worms (D:3)
  2 dart slugs (D:1)
  2 orcs (D:4)
  5 ball pythons
  3 bats
  2 endoplasms
  A giant cockroach (D:2)
  5 goblins
  7 hobgoblins
  12 jackals
  4 quokkas
  A frilled lizard (D:3)
  2 kobolds (D:2)
  3 rats
58 creatures vanquished.

Notes
Turn   | Place    | Note
-------+----------+-------------------------------------------
     0 | D:1      | qw the Minotaur Hexslinger began the quest for the Orb.
     0 | D:1      | Reached XP level 1. HP: 16/16 MP: 1/1
     0 | D:1      | 0 ||| qw: Version: 0.3-a-32-g5962c71
     0 | D:1      | 0 ||| qw: Game counter: 7415
     0 | D:1      | 0 ||| qw: Melee chars always use a shield: true
     0 | D:1      | 0 ||| qw: God list: Okawaru
     0 | D:1      | 0 ||| qw: Allow faded altars: false
     0 | D:1      | 0 ||| qw: Do Orc after clearing Dungeon:15 true
     0 | D:1      | 0 ||| qw: Do second Lair branch before Depths: true
     0 | D:1      | 0 ||| qw: Lair rune preference: random
     0 | D:1      | 0 ||| qw: Goals: Normal
     0 | D:1      | 0 ||| PLANNING D:1-11
    32 | D:1      | Reached skill level 3 in Ranged Weapons
    32 | D:1      | Reached XP level 2. HP: 21/23 MP: 2/2
   102 | D:1      | 102 ||| FLEEEEING.
   104 | D:1      | 104 ||| FLEEEEING.
   503 | D:1      | 503 ||| UPGRADING to +0 ring mail.
   513 | D:1      | 513 ||| DROPPING +0 robe.
   514 | D:1      | 514 ||| DROPPING ring of magical power.
   515 | D:1      | 515 ||| READING scroll labelled RAMAZY KIYSCHA.
   516 | D:1      | 516 ||| READING scroll labelled HURUFE MUSTREZY.
   519 | D:1      | 519 ||| READING scroll labelled JOUMYM LOETTOMPA.
   520 | D:1      | 520 ||| DROPPING scroll of poison.
   528 | D:2      | 528 ||| STAIRDANCE
   531 | D:1      | Reached XP level 3. HP: 19/29 MP: 3/3
   579 | D:2      | 579 ||| STAIRDANCE
   611 | D:2      | 611 ||| SWAPPING to +0 orcbow.
   612 | D:2      | 612 ||| DROPPING +1 sling.
   741 | D:2      | Reached skill level 4 in Ranged Weapons
   815 | D:2      | Noticed Sigmund
   830 | D:2      | Reached skill level 1 in Armour
   848 | D:2      | HP: 3/29 [Sigmund/+0 scythe (7)]
   853 | D:2      | HP: 2/29 [Sigmund/+0 scythe (3)]
   854 | D:2      | Killed Sigmund
   855 | D:2      | Reached skill level 6 in Ranged Weapons
   855 | D:2      | Reached XP level 4. HP: 3/36 MP: 4/4
   855 | D:2      | Reached XP level 5. HP: 3/41 MP: 5/5
  1135 | D:2      | 1135 ||| READING 2 scrolls labelled SOPRIU QEUTOMY.
  1136 | D:2      | 1136 ||| READING scroll labelled EQEXEUBAEZ.
  1257 | D:3      | Found a transporter.
  1274 | D:3      | Found a transporter.
  1765 | D:3      | 1765 ||| DROPPING ring of flight.
  1766 | D:3      | 1766 ||| DRINKING 2 orange potions.
  1767 | D:3      | 1767 ||| READING 2 scrolls of identify.
  1767 | D:3      | 1767 ||| IDENTIFYING golden potion
  1845 | D:4      | Noticed an ogre
  1849 | D:4      | Killed an ogre
  1850 | D:4      | Reached skill level 3 in Fighting
  1850 | D:4      | Reached XP level 6. HP: 18/52 MP: 6/6
  2034 | D:4      | HP: 11/50 [poisoned by an orc]
  2035 | D:4      | 2035 ||| DRINKING potion of heal wounds.
  2038 | D:4      | Slain by a gnoll

Levels and vault maps discovered:
D:1:      nzn_arrival_crosshair, layout_rooms, hex_medium
D:2:      layout_rooms, uniq_sigmund
D:3:      gammafunk_steamed_eel, layout_basic, minmay_misc_feat_tiny,
          nicolae_elevator_lobby_asterisk
D:4:      layout_cave_pools, mainiacjoe_overflow_concentric_impassable,
          corner_web_ring

Skill      XL: |  1  2  3  4  5  6 |
---------------+-------------------+-----
Ranged Weapons | 3 6 |  6.5
Fighting       | 2 3 4 |  4.1
Armour         | 1 |  1.0
Dodging        | |  2.1
Spellcasting   | |  1.0
Hexes          | |  2.0

Action                     |  1- 3 |  4- 6 || total
---------------------------+-------+-------++-------
   Fire: Sling             |    58 |       ||    58
         Orcbow            |    49 |    60 ||   109
    Use: Scroll            |     3 |     3 ||     6
         Potion            |       |     2 ||     2
 Armour: Robe              |     3 |       ||     3
         Ring mail         |     8 |    15 ||    23
  Dodge: Dodged            |    53 |    41 ||    94

Table legend:
 A = Non-vault XP
 B = Vault XP
 C = Vault XP percentage of total XP
 D = Non-vault monster count
 E = Vault monster count
 F = Vault count percentage of total count
                 A         B        C        D         E       F
            +---------+---------+-------+---------+---------+-------
      Total |     322 |     210 |  39.5 |      57 |       1 |   1.7
            +---------+---------+-------+---------+---------+-------
        D:1 |      42 |       0 |   0.0 |      20 |       0 |   0.0
        D:2 |      33 |     210 |  86.4 |      19 |       1 |   5.0
        D:3 |      17 |       0 |   0.0 |       7 |       0 |   0.0
        D:4 |     230 |       0 |   0.0 |      11 |       0 |   0.0
            +---------+---------+-------+---------+---------+-------
